 Dungeon Crawl Stone Soup version 0.15.0-18-g9076a4f (webtiles) character file.

14 MDvedh the Caller (level 2, 0/17 HPs)
             Began as a Gargoyle Summoner on Sept 7, 2014.
             Killed by nerve-wracking pain
             ... invoked by inmateoo's ghost
              (8 damage)
             ... on Level 3 of the Dungeon.
             The game lasted 00:01:50 (1312 turns).

MDvedh the Caller (Gargoyle Summoner)               Turns: 1312, Time: 00:01:50

HP   0/17        AC  4     Str 16      XL: 2   Next: 45%
MP   4/4         EV 12     Int 15      God:
Gold 66          SH  0     Dex 10      Spells:  1 memorised,  4 levels left

rFire  . . .     SeeInvis .     s - +0 mace
rCold  . . .     Clarity  .     a - +0 robe
rNeg   + . .     rCorr    .     (no shield)
rPois  +         rRot     +     (no helmet)
rElec  +         Spirit   .     (no cloak)
SustAb .         Warding  .     (no gloves)
rMut   .         Stasis   .     (no boots)
Gourm  .                        (no amulet)
MR     .....                    (no ring)
                                (no ring)

@: mighty, not resistant to hostile enchantments, unstealthy
A: negative energy resistance 1, electricity resistance, unbreathing,
petrification resistance, rot immunity, AC +2
a: no special abilities


You were on level 3 of the Dungeon.
You were not hungry.

You visited 1 branch of the dungeon, and saw 3 of its levels.

You collected 66 gold pieces.

Inventory:

Hand weapons
 e - a +0 dagger
 p - a +0 club
 s - a +0 mace (weapon)
Armour
 a - a +0 robe (worn)
Comestibles
 c - 2 bread rations
 k - a meat ration
 q - 3 fruits
Scrolls
 d - a scroll of enchant weapon {unknown}
 f - a scroll of noise {unknown}
 j - a scroll of immolation {unknown}
 l - a scroll of amnesia {unknown}
 m - a scroll of fear {unknown}
 n - a scroll of magic mapping {unknown}
 r - a scroll of fog {unknown}
Potions
 g - a potion of might
 h - a potion of agility {unknown}
 i - 3 potions of curing {unknown}
 o - a potion of restore abilities {unknown}
 t - a potion of heal wounds {unknown}
Books
 b - a book of Callings

   Spells                             Type                      Level
   *Summon Small Mammal               Summoning                    1
   Call Imp                           Summoning                    2
   Call Canine Familiar               Summoning                    3
   Summon Guardian Golem              Hexes/Summoning              4
   Summon Lightning Spire             Summoning/Air                4
   Summon Ice Beast                   Ice/Summoning                4


   Skills:
 - Level 1.9 Fighting
 + Level 0.8 Maces & Flails
 - Level 1.5 Dodging
 - Level 2.1 Stealth
 - Level 2.0 Spellcasting
 - Level 3.6 Summonings


You had 4 spell levels left.
You knew the following spells:

 Your Spells              Type           Power        Failure   Level  Hunger
a - Summon Small Mammal   Summ           ##..         6%          1    #......


Dungeon Overview and Level Annotations

Branches:
Dungeon (3/15)

Altars:

Annotations:
D:2 Sigmund
D:3 inmateoo's ghost, average DENe


Innate Abilities, Weirdness & Mutations

You are resistant to torment.
You are immune to poison.
Your stone body is very resilient (AC +2).
You resist negative energy.
You are resistant to electric shocks.
You can survive without breathing.
You are immune to petrification.
You are immune to rotting.


Message History

You start resting.
Inmateoo's ghost (average Deep Elf Necromancer) comes into view.
Inmateoo's ghost is nearby!
Drink which item? (? for menu, Esc to quit)
Okay, then.
Unknown command.
Unknown command.
You start resting.
Drink which item? (? for menu, Esc to quit)
You feel very mighty all of a sudden.
It was a potion of might.
Inmateoo's ghost turns its malevolent gaze towards you.
Inmateoo's ghost hits you but does no damage.
Unknown command.
You hit inmateoo's ghost.
Inmateoo's ghost is moderately damaged.
Inmateoo's ghost hits you.
Inmateoo's ghost gestures at you while chanting.
Pain shoots through your body!
You die...

##+## ##...##
#.######..<..##
........@.....#
..#.....W......#
###..........+
)...........#
#...#..#....##
....#.......#
.#.#.#.#.... #.
. .. . .


You could see inmateoo's ghost.

Vanquished Creatures
  2 bats (D:1)
  A giant cockroach (D:2)
  2 hobgoblins (D:1)
  4 jackals (D:1)
  3 goblins (D:1)
  2 rats
14 creatures vanquished.

Notes
Turn   | Place    | Note
--------------------------------------------------------------
     0 | D:1      | MDvedh, the Gargoyle Summoner, began the quest for the Orb.
     0 | D:1      | Reached XP level 1. HP: 10/10 MP: 3/3
   219 | D:1      | Reached skill level 1 in Fighting
   294 | D:1      | Reached XP level 2. HP: 7/17 MP: 4/4
  1269 | D:2      | Noticed Sigmund
  1303 | D:3      | Noticed inmateoo's ghost (average DENe)
  1312 | D:3      | Killed from afar by inmateoo's ghost

Action                   || total
-------------------------++-------
Melee: Dagger            ||    60
       Unarmed           ||     3
       Mace              ||     5
 Cast: Summon Small Mamm ||     2
  Use: Potion            ||     1
 Stab: Sleeping          ||     1
  Eat: Chunk             ||     1
